 Dungeon Crawl Stone Soup version 0.20.0-15-g7f486f2 (webtiles) character file.

528 asdasd2 the Covered (level 7, -6/61 HPs)
             Began as a Minotaur Fighter on June 27, 2017.
             Was a Follower of Okawaru.
             Mangled by a wyvern zombie (8 damage)
             ... in an ossuary.
             The game lasted 00:04:58 (2755 turns).

asdasd2 the Covered (Minotaur Fighter)              Turns: 2755, Time: 00:04:59

Health: -6/61      AC: 11    Str: 27    XL:     7   Next: 3%
Magic:  6/6        EV: 11    Int:  5    God:    Okawaru [*.....]
Gold:   150        SH:  0    Dex: 10    Spells: 6/6 levels left

rFire    . . .     SeeInvis .   c - +0 hand axe
rCold    + . .     Gourm    .   (no shield)
rNeg     . . .     Faith    .   b - +0 scale mail
rPois    +         Spirit   .   (helmet restricted)
rElec    .         Reflect  .   v - +1 cloak
rCorr    .         Harm     .   (no gloves)
MR       .....                  p - +0 pair of boots
Stlth    ..........             (no amulet)
Regen    0.2/turn               o - ring of poison resistance
MPRegen  0.1/turn               g - ring of protection from cold

@: mighty
A: retaliatory headbutt, horns 2
a: Heroism, Renounce Religion


You were in an ossuary.
You worshipped Okawaru.
Okawaru was aware of your devotion.
You were hungry.

You visited 1 branch of the dungeon, and saw 4 of its levels.
You also visited: Ossuary.

You collected 150 gold pieces.

Inventory:

Hand Weapons
 a - a +0 war axe
 c - a +0 hand axe (weapon)
 q - a +0 hand axe of distortion
Armour
 b - a +0 scale mail (worn)
 p - a +0 pair of boots (worn)
 v - a +1 cloak (worn)
Jewellery
 g - a ring of protection from cold (right hand)
 o - a ring of poison resistance (left hand)
 t - a cursed ring of teleportation {unknown}
Wands
 r - a wand of iceblast (3/15)
 w - a wand of random effects (20/48)
Scrolls
 l - 5 scrolls of remove curse
 m - 2 scrolls of magic mapping
 y - 2 scrolls of recharging
 z - a scroll of identify
 B - a scroll of enchant weapon {unknown}
Potions
 e - a potion of berserk rage {unknown}
 h - a potion of degeneration {unknown}
 i - 2 potions of brilliance
 j - 2 potions of cancellation {unknown}
 n - a potion of flight {unknown}
 s - a potion of lignification {unknown}
 u - a potion of resistance {unknown}
Comestibles
 f - 4 bread rations
 k - 4 meat rations
 A - a royal jelly


   Skills:
 + Level 5.0 Fighting
 + Level 6.0 Axes
 + Level 6.4 Armour
 + Level 2.1 Dodging
   Level 3.6 Shields


You had 6 spell levels left.
You didn't know any spells.

Dungeon Overview and Level Annotations

Branches:
Dungeon (4/15)
 Temple: D:4-7

Altars:
Okawaru


Innate Abilities, Weirdness & Mutations

You reflexively headbutt those who attack you in melee.
You have a pair of horns on your head.


Message History

You have reached level 7!
A wyvern zombie comes into view.
You feel very mighty all of a sudden.
You slash the wyvern zombie! You headbutt the wyvern zombie.
The wyvern zombie is moderately damaged.
The wyvern zombie bites you.
* * * LOW HITPOINT WARNING * * *
A howler monkey zombie comes into view.
You slash the wyvern zombie!
The wyvern zombie is heavily damaged.
The wyvern zombie bites you!
* * * LOW HITPOINT WARNING * * *
The wyvern zombie bites you!
* * * LOW HITPOINT WARNING * * *
The howler monkey zombie moves out of view.
A bullfrog zombie comes into view.
You slash the wyvern zombie! You headbutt the wyvern zombie!
The wyvern zombie is almost destroyed.
The wyvern zombie bites you!
You die...

..' ###.#
?#.'
'.###
#.'.#
###.#
#.'.+
#####.###
#∩..#..@#
#.∩.≈≈Z##
#...#≈..#
#####≈≈≈#
≈≈..#
.Z.###
#.≈.#
≈###≈ #


You could see a bullfrog zombie and a wyvern zombie.

Vanquished Creatures
  A centaur zombie (Ossuary)
  Crazy Yiuf (D:2)
  8 mummies (Ossuary)
  3 orc wizards (D:3)
  A worker ant (D:4)
  A worker ant zombie (Ossuary)
  6 adders
  An adder zombie (Ossuary)
  A dart slug (D:3)
  9 leopard geckos
  21 orcs
  9 giant cockroaches
  9 hobgoblins
  15 jackals
  8 kobolds
  2 quokkas
  2 ball pythons (D:3)
  4 bats
  5 frilled lizards
  5 goblins
  A quokka zombie (Ossuary)
  6 rats
119 creatures vanquished.

Vanquished Creatures (others)
  A withered plant (Ossuary)
1 creature vanquished.

Grand Total: 120 creatures vanquished

Notes
Turn   | Place    | Note
-------+----------+-------------------------------------------
     0 | D:1      | asdasd2 the Minotaur Fighter began the quest for the Orb.
     0 | D:1      | Reached XP level 1. HP: 19/19 MP: 0/0
   289 | D:1      | Reached XP level 2. HP: 27/27 MP: 1/1
   860 | D:1      | Reached XP level 3. HP: 33/33 MP: 2/2
  1134 | D:2      | Found a runed door.
  1204 | D:2      | Reached XP level 4. HP: 34/41 MP: 3/3
  1451 | D:2      | Noticed Crazy Yiuf
  1457 | D:2      | Killed Crazy Yiuf
  1527 | D:3      | Reached skill level 1 in Dodging
  1539 | D:3      | Reached skill level 5 in Armour
  1539 | D:3      | Reached XP level 5. HP: 41/47 MP: 4/4
  2014 | D:3      | Reached skill level 5 in Axes
  2285 | D:3      | Reached XP level 6. HP: 53/53 MP: 5/5
  2578 | D:4      | Found an iron altar of Okawaru.
  2583 | D:4      | Became a worshipper of Warmaster Okawaru
  2635 | D:4      | Found a sand-covered staircase.
  2679 | Ossuary  | Entered an ossuary
  2731 | Ossuary  | Reached skill level 5 in Fighting
  2748 | Ossuary  | Reached * piety under Okawaru
  2748 | Ossuary  | Reached XP level 7. HP: 18/61 MP: 6/6
  2754 | Ossuary  | HP: 2/61 [wyvern zombie (8)]
  2755 | Ossuary  | Mangled by a wyvern zombie

Skill      XL: |  1  2  3  4  5  6 |
---------------+-------------------+-----
Fighting       | 4 5 |  5.0
Axes           | 3 4 5 6 |  6.0
Armour         | 4 5 6 |  6.4
Dodging        | 1 2 |  2.1
Shields        | |  3.6

Action                   |  1- 3 |  4- 6 |  7- 9 || total
-------------------------+-------+-------+-------++-------
Melee: Hand axe          |    80 |   237 |     3 ||   320
       Headbutt          |     9 |    37 |     2 ||    48
       War axe           |     1 |       |       ||     1
  Use: Scroll            |     4 |     7 |       ||    11
       Potion            |       |     2 |     1 ||     3
  Eat: Chunk             |       |     6 |       ||     6
Armor: Scale mail        |    53 |    99 |       ||   152
Dodge: Dodged            |    51 |   106 |       ||   157
